 Dungeon Crawl Stone Soup version 0.25.1-2-g60ff931df9 (webtiles) character file.

Game seed: 16657557770364802437

14365 growler the Tainter (level 11, -9/94 HPs)
             Began as a Grey Draconian Venom Mage on Oct 29, 2020.
             Was an Initiate of Gozag.
             Mangled by a five-headed hydra (13 damage)
             ... on level 1 of the Lair of Beasts on Oct 30, 2020.
             The game lasted 00:52:01 (17768 turns).

growler the Tainter (Grey Draconian Venom Mage)    Turns: 17768, Time: 00:52:01

Health: -9/94      AC: 15    Str: 10    XL:     11   Next: 87%
Magic:  14/24      EV: 12    Int: 24    God:    Gozag
Gold:   1941       SH:  4    Dex: 11    Spells: 11/28 levels left

rFire    + . .     SeeInvis .   x - +6 war axe of the Jolly Knaves {holy, Int+4}
rCold    . . .     Gourm    .   z - +0 buckler
rNeg     . . .     Faith    .   (armour unavailable)
rPois    .         Spirit   .   (helmet restricted)
rElec    .         Reflect  .   f - +0 cloak
rCorr    .         Harm     .   q - +0 pair of gloves
MR       +....                  k - +0 pair of boots
Stlth    ++........             (no amulet)
HPRegen  0.25/turn              l - ring of protection from magic
MPRegen  0.19/turn              i - ring of protection from fire

@: no status effects
A: walk through water, unfitting armour, unbreathing, cold-blooded, AC +12
a: Potion Petition, Call Merchant, Bribe Branch, Renounce Religion


You were on level 1 of the Lair of Beasts.
You worshipped Gozag.
Gozag was most pleased with you.
You were hungry.

You visited 3 branches of the dungeon, and saw 14 of its levels.
You also visited: Trove.

You collected 2046 gold pieces.
You paid 105 gold pieces to Gozag.

Inventory:

Hand Weapons
 j - a +0 dagger of holy wrath
   (You found it on level 3 of the Dungeon)
 u - a +3 dagger of venom
   (You took it off an orc wizard on level 4 of the Dungeon)
 v - the +2 dagger of Xobon {vorpal, rC+ Int+3 Stlth+}
   (You found it on level 5 of the Dungeon)

   It inflicts extra damage upon your enemies.
   It affects your intelligence (+3).
   It protects you from cold.
   It makes you more stealthy.
 x - the +6 war axe of the Jolly Knaves (weapon) {holy, Int+4}
   (You found it on level 4 of the Dungeon)

   It has been blessed by the Shining One to cause great damage to the undead
   and demons.
   It affects your intelligence (+4).
 N - the +4 quarterstaff of Stickiness {elec, rF+ MR+ Dex+6}
   (You took it off a crimson imp on level 11 of the Dungeon)

   Occasionally, upon striking a foe, it will discharge some electrical energy
   and cause terrible harm.
   It affects your dexterity (+6).
   It protects you from fire.
   It affects your resistance to hostile enchantments.
Armour
 f - a +0 cloak (worn)
   (You found it on level 2 of the Dungeon)
 k - a +0 pair of boots (worn)
   (You found it on level 4 of the Dungeon)
 q - a +0 pair of gloves (worn)
   (You found it on level 4 of the Dungeon)
 z - a +0 buckler (worn)
   (You found it on level 5 of the Dungeon)
Jewellery
 i - a ring of protection from fire (right hand)
   (You found it on level 7 of the Dungeon)
 l - a ring of protection from magic (left hand)
   (You found it on level 4 of the Dungeon)
 H - an uncursed ring of flight {unknown}
   (You found it on level 9 of the Dungeon)
 M - an uncursed amulet of the acrobat {unknown}
   (You found it on level 11 of the Dungeon)
Wands
 d - a wand of iceblast (8)
   (You found it on level 4 of the Dungeon)
 t - a wand of flame (16)
   (You took it off Psyche on level 9 of the Dungeon)
 E - a wand of polymorph (10)
   (You found it on level 8 of the Dungeon)
Scrolls
 g - 3 scrolls of immolation {!r}
 h - 10 scrolls of identify {@r1}
 m - 4 scrolls of enchant weapon
 n - a scroll of remove curse {@r2}
 o - 2 scrolls of blinking {unknown}
 y - 2 scrolls of noise {unknown}
 A - 9 scrolls of teleportation {unknown}
 D - 2 scrolls of fear {unknown}
 I - a scroll of amnesia {unknown}
 K - 2 scrolls of enchant armour {unknown}
 L - a scroll of magic mapping {unknown}
Potions
 a - 3 potions of curing {@q1}
 b - 4 potions of might {unknown}
 c - 5 potions of haste {unknown}
 p - a potion of heal wounds {@q2}
 r - a potion of flight
 s - 3 potions of magic {unknown}
 w - 2 potions of lignification {unknown}
 B - 2 potions of mutation {unknown}
 C - a potion of degeneration {unknown}
 F - a potion of ambrosia {unknown}
 G - a potion of cancellation {unknown}
 J - 3 potions of brilliance {unknown}
Comestibles
 e - 12 rations {!d}


   Skills:
 + Level 8.1 Fighting
 - Level 1.7 Dodging
 - Level 1.7 Stealth
 - Level 4.0 Shields
 - Level 9.0 Spellcasting
 - Level 9.0 Transmutations
 - Level 12.0 Poison Magic


You had 11 spell levels left.
You knew the following spells:

 Your Spells              Type           Power        Failure   Level  Hunger
a - Sting                 Tmut/Pois      ####         1%          1    None
b - Ignite Poison         Fire/Tmut/Pois #####...     1%          3    None
c - Eringya's Noxious Bo  Tmut/Pois      ######....   12%         6    ######.
f - Mephitic Cloud        Conj/Pois/Air  ####....     3%          3    None
y - Olgreb's Toxic Radia  Pois           ######..     1%          4    ##.....

Your spell library contained the following spells:

 Spells                   Type           Power        Failure   Level  Hunger
 Beastly Appendage        Tmut           ######       1%          1    None
 Poisonous Vapours        Pois/Air       #####.       1%          2    None
 Sticks to Snakes         Tmut           ######..     1%          2    None
 Spider Form              Tmut/Pois      ######....   1%          3    None
 Alistair's Intoxication  Tmut/Pois      ######..     2%          5    ####...
 Blade Hands              Tmut           ######....   4%          5    ####...
 Apportation              Tloc           ##....       6%          1    None
 Pain                     Necr           ##..         6%          1    None
 Summon Butterflies       Summ           ##......     6%          1    None
 Summon Small Mammal      Summ           ##..         6%          1    None
 Call Imp                 Summ           ##......     9%          2    None
 Corpse Rot               Necr/Air       N/A          9%          2    None
 Slow                     Hex            ##......     9%          2    None
 Sublimation of Blood     Necr           ##........   9%          2    None
 Ice Form                 Ice/Tmut       ####....     9%          4    ##.....
 Call Canine Familiar     Summ           ##......     17%         3    None
 Confusing Touch          Hex            ##......     17%         3    None
 Lesser Beckoning         Tloc           ##........   17%         3    None
 Ozocubu's Armour         Chrm/Ice       ##......     17%         3    None
 Recall                   Summ/Tloc      N/A          17%         3    None
 Spectral Weapon          Hex/Chrm       ##......     17%         3    None
 Static Discharge         Conj/Air       ##......     17%         3    None
 Stone Arrow              Conj/Erth      ##....       17%         3    None
 Summon Guardian Golem    Hex/Summ       ##......     17%         3    None
 Tukima's Dance           Hex            ##......     17%         3    None
 Hydra Form               Tmut           ######....   22%         6    ######.
 Dispel Undead            Necr           ##......     50%         4    ##.....
 Hailstorm                Conj/Ice       ##......     50%         4    ##.....
 Leda's Liquefaction      Hex/Erth       ##........   50%         4    ##.....
 Summon Ice Beast         Ice/Summ       ##......     50%         4    ##.....
 Summon Lightning Spire   Summ/Air       ##......     50%         4    ##.....
 Agony                    Necr           ##......     85%         5    ####...
 Excruciating Wounds      Chrm/Necr      ##........   85%         5    ####...
 Silence                  Hex/Air        ##........   85%         5    ####...
 Summon Demon             Summ           ##........   85%         5    ####...
 Summon Forest            Summ/Tloc      ##........   85%         5    ####...
 Conjure Ball Lightning   Conj/Air       ##........   100%        6    ######.
 Death Channel            Necr           ##........   100%        6    ######.
 Freezing Cloud           Conj/Ice/Air   ##........   100%        6    ######.
 Invisibility             Hex            ##......     100%        6    ######.
 Shadow Creatures         Summ           N/A          100%        6    ######.
 Simulacrum               Ice/Necr       ##........   100%        6    ######.
 Starburst                Conj/Fire      ##........   100%        6    ######.
 Haunt                    Necr/Summ      ##........   100%        7    #######
 Malign Gateway           Summ/Tloc      ##........   100%        7    #######
 Monstrous Menagerie      Summ           ##........   100%        7    #######
 Summon Hydra             Summ           ##........   100%        7    #######
 Summon Horrible Things   Summ           ##........   100%        8    #######
 Fire Storm               Conj/Fire      ##........   100%        9    #######
 Tornado                  Air            ##........   100%        9    #######


Dungeon Overview and Level Annotations

Branches:
Dungeon (12/15)            Temple (1/1) D:4            Lair (1/6) D:8
    Orc (0/2) D:10

Altars:
Ashenzari
Cheibriados
Dithmenos
Elyvilon
Fedhas
Gozag
Hepliaklqana
Kikubaaqudgha
Makhleb
Nemelex Xobeh
Okawaru
Qazlal
Ru
Sif Muna
Trog
Uskayaw
Vehumet
Wu Jian
Xom
Yredelemnul
Zin
The Shining One

Shops:
D:4 [   D:5 *

Annotations:
D:11 2 transporters


Innate Abilities, Weirdness & Mutations

You can walk through water.
Your dull iron-grey scales are very hard. (AC +12)
You cannot fit into any form of body armour.
You can survive without breathing.
You are cold-blooded and may be slowed by cold attacks.


Message History

The sting hits the five-headed hydra.
The five-headed hydra partially resists.
The five-headed hydra is engulfed in blazing flames.
The five-headed hydra bites you! x3
The five-headed hydra barely misses you.
The five-headed hydra bites you.
The sting hits the five-headed hydra.
The five-headed hydra partially resists.
The five-headed hydra is engulfed in blazing flames.
The five-headed hydra barely misses you.
The five-headed hydra closely misses you.
The five-headed hydra bites you!
The five-headed hydra barely misses you.
The five-headed hydra bites you!
* * * LOW HITPOINT WARNING * * *
The sting hits the five-headed hydra.
The five-headed hydra partially resists.
The five-headed hydra is poisoned.
The five-headed hydra is engulfed in blazing flames.
The five-headed hydra closely misses you.
The five-headed hydra bites you.
* * * LOW HITPOINT WARNING * * *
The five-headed hydra bites you.
* * * LOW HITPOINT WARNING * * *
The five-headed hydra bites you.
* * * LOW HITPOINT WARNING * * *
The five-headed hydra barely misses you.
The sting hits the five-headed hydra.
The five-headed hydra looks even sicker.
You are feeling hungry.
The five-headed hydra is engulfed in blazing flames.
The five-headed hydra bites you but does no damage.
The five-headed hydra completely misses you.
The five-headed hydra closely misses you.
The five-headed hydra bites you but does no damage. x2
Aim: a bullfrog (flame)
The sting hits the five-headed hydra.
The five-headed hydra partially resists.
The bullfrog is engulfed in blazing flames.
The five-headed hydra is engulfed in blazing flames.
The five-headed hydra bites you!
* * * LOW HITPOINT WARNING * * *
The five-headed hydra barely misses you.
The five-headed hydra bites you!
* * * LOW HITPOINT WARNING * * *
The five-headed hydra bites you!
* * * LOW HITPOINT WARNING * * *
The five-headed hydra bites you!
You die...
Your body crumbles into a pile of gold.

####..# #...:.. P...
#...... ... # .# #......
... ..# ....... $ ##.#
#.# .....°.F ..# ##.#
......°D## ##.# ######...
.#...###@###..###........
...............##...##...
##...#.#####.............
$ ## ## ##.###.###....
#.P#...#.....
#.###.####^.# ##.#
#.####..# ##..###..##...P
..............>


You could see a five-headed hydra (very poisoned) and a bullfrog.

Vanquished Creatures
  Erolcha (D:9)
  Erica (D:11)
  A two-headed ogre (D:9)
  An ugly thing (D:11)
  An oklob plant (D:11)
  2 cyclopes (D:11)
  An elephant (D:8)
  Joseph (D:7)
  Psyche (D:9)
  A centaur zombie (D:11)
  2 centaur skeletons
  2 trolls
  3 hornets
  2 hippogriffs
  Sigmund (D:6)
  A meliai zombie (D:11)
  2 wyverns
  5 yaks
  A vampire (D:9)
  2 basilisks (D:8)
  3 hungry ghosts
  Edmund (D:6)
  4 water moccasins
  A porcupine (Lair:1)
  An orc warrior (D:11)
  2 sky beasts
  An eye of draining (D:11)
  3 ice beasts
  A hornet zombie (D:5)
  3 black bears
  A necrophage (D:5)
  8 ogres
  2 centaurs
  A big kobold (D:8)
  A crocodile (D:8)
  8 bullfrogs
  A wyvern zombie (D:6)
  A water moccasin skeleton (D:4)
  2 scorpions
  An oklob sapling (D:11)
  A howler monkey (D:9)
  5 crimson imps
  2 quasits
  4 orc priests
  8 hounds
  7 jellies
  4 bullfrog skeletons
  12 orc wizards
  15 worker ants
  2 hound zombies
  3 hound skeletons
  Robin (D:3)
  A howler monkey zombie (D:7)
  A howler monkey skeleton (D:6)
  6 gnolls
  11 adders
  A shadow imp (D:6)
  8 oozes
  An adder zombie (D:5)
  An adder skeleton (D:8)
  7 worms
  3 dart slugs
  5 leopard geckos
  37 orcs
  10 ball pythons
  10 giant cockroaches
  18 goblins
  14 hobgoblins
  16 jackals
  7 kobolds
  2 quokkas
  4 bats
  8 frilled lizards
  A leopard gecko skeleton (D:6)
  A leopard gecko zombie (D:5)
  2 quokka skeletons
  6 rats
  2 plants (D:11)
325 creatures vanquished.

Vanquished Creatures (others)
  A plant (D:11)
1 creature vanquished.

Grand Total: 326 creatures vanquished

Notes
Turn   | Place    | Note
-------+----------+-------------------------------------------
     0 | D:1      | growler the Draconian Venom Mage began the quest for the
                  | Orb.
     0 | D:1      | Reached XP level 1. HP: 14/14 MP: 3/3
   177 | D:1      | Reached XP level 2. HP: 20/20 MP: 1/5
   325 | D:1      | Reached skill level 4 in Poison Magic
   853 | D:1      | Reached XP level 3. HP: 26/26 MP: 4/6
  1462 | D:1      | Learned a level 3 spell: Mephitic Cloud
  2398 | D:2      | Reached XP level 4. HP: 28/33 MP: 3/7
  2454 | D:2      | Learned a level 3 spell: Ignite Poison
  2466 | D:3      | Reached skill level 5 in Poison Magic
  2764 | D:3      | Noticed Robin
  2773 | D:3      | Killed Robin
  2946 | D:3      | Reached XP level 5. HP: 31/38 MP: 3/8
  3294 | D:3      | Reached skill level 6 in Poison Magic
  3997 | D:4      | Noticed an ogre
  4019 | D:3      | Killed an ogre
  4019 | D:3      | Reached XP level 6. HP: 17/45 MP: 6/9
  4224 | D:4      | Reached skill level 7 in Poison Magic
  4446 | D:4      | Found Bikhocw's Armour Shoppe.
  4986 | D:4      | Found a staircase to the Ecumenical Temple.
  5140 | D:4      | Your scales start taking on a dull iron-grey colour.
  5140 | D:4      | Reached XP level 7. HP: 33/50 MP: 10/13
  5140 | D:4      | Gained mutation: You can survive without breathing. [Grey
                  | Draconian growth]
  5778 | D:4      | Reached skill level 5 in Spellcasting
  5784 | D:4      | Learned a level 4 spell: Olgreb's Toxic Radiance
  5831 | D:4      | Got a smoking war axe
  6215 | D:5      | Entered Level 5 of the Dungeon
  6349 | D:5      | Found Emuec's General Store.
  6548 | D:5      | Reached XP level 8. HP: 39/54 MP: 7/15
  6881 | D:5      | Got an iridescent dagger
  6882 | D:5      | Identified the +2 dagger of Xobon {vorpal, rC+ Int+3
                  | Stlth+} (You found it on level 5 of the Dungeon)
  7171 | D:5      | Identified the +6 war axe of the Jolly Knaves {holy, Int+4}
                  | (You found it on level 4 of the Dungeon)
  7347 | D:5      | Reached skill level 8 in Poison Magic
  7645 | D:6      | Reached skill level 5 in Transmutations
  8133 | D:6      | Noticed Sigmund
  8135 | D:6      | Noticed Edmund
  8143 | D:6      | Killed Sigmund
  8143 | D:6      | Reached skill level 9 in Poison Magic
  8152 | D:6      | Killed Edmund
  8473 | Temple   | Entered the Ecumenical Temple
  8676 | Temple   | Became a worshipper of Gozag Ym Sagoz the Greedy
  8818 | D:7      | Reached XP level 9. HP: 59/59 MP: 11/16
  9141 | D:7      | Noticed Joseph
  9147 | D:7      | Killed Joseph
  9157 | D:7      | Reached skill level 10 in Poison Magic
 10144 | D:8      | Found a shattered altar of Ashenzari.
 10447 | D:8      | Found a staircase to the Lair.
 10448 | D:8      | Noticed an elephant
 10471 | D:8      | Killed an elephant
 10471 | D:8      | Reached skill level 11 in Poison Magic
 10471 | D:8      | Reached XP level 10. HP: 5/66 MP: 11/21
 11164 | D:9      | Noticed Erolcha
 11187 | D:9      | Killed Erolcha
 11275 | D:9      | Noticed a two-headed ogre
 11295 | D:9      | Killed a two-headed ogre
 11824 | D:9      | Reached skill level 12 in Poison Magic
 11824 | D:9      | Noticed Psyche
 12458 | D:9      | Killed Psyche
 12458 | D:9      | Reached skill level 1 in Fighting
 12458 | D:9      | Reached skill level 1 in Shields
 12746 | D:10     | Entered Level 10 of the Dungeon
 12769 | D:10     | Found a portal to a secret trove of treasure.
 12779 | Trove    | Entered a treasure trove
 12799 | Trove    | Identified Kikubaaqudgha's Collected Works on Evil
 12829 | Trove    | Identified Sif Muna's Almanac of Enthralling Confrontation
 12846 | Trove    | Identified the Collected Works on Creative Weightlessness
 12849 | Trove    | Identified Ketujola's Incunabulum of the Glacier and Curses
 12854 | Trove    | Identified Sif Muna's Volume of Calling
 13722 | D:10     | Found a staircase to the Orcish Mines.
 13995 | D:10     | Reached XP level 11. HP: 65/79 MP: 15/24
 14518 | D:11     | Noticed a brown ugly thing
 14530 | D:11     | Killed a brown ugly thing
 14794 | D:11     | Reached skill level 5 in Fighting
 15073 | D:11     | Learned a level 6 spell: Eringya's Noxious Bog
 15122 | D:11     | Identified the +4 quarterstaff of Stickiness {elec, rF+ MR+
                  | Dex+6}
 15326 | D:11     | Noticed Erica
 15343 | D:11     | Killed Erica
 15625 | D:11     | Noticed a flayed ghost
 15626 | D:11     | Found a transporter.
 15627 | D:11     | Noticed a fire giant
 15629 | D:11     | Noticed a rakshasa
 15631 | D:11     | Noticed a tengu warrior
 16058 | D:11     | Paralysed by a hornet for 1 turns
 16064 | D:11     | Identified the Almanac of Nature
 16121 | D:11     | Noticed an oklob plant
 16127 | D:11     | Killed an oklob plant
 16433 | D:11     | Found a transporter.
 17308 | Lair:1   | Entered Level 1 of the Lair of Beasts
 17761 | Lair:1   | Noticed a five-headed hydra
 17768 | Lair:1   | HP: 4/94 [five-headed hydra (14)]
 17768 | Lair:1   | Mangled by a five-headed hydra

Illustrated notes

Levels and vault maps discovered:
D:1:      giann_wishing_wells, layout_basic, minmay_stone_trees_large
D:2:      layout_rooms
D:3:      layout_basic, uniq_robin
D:4:      minmay_bubble_buster, layout_basic, minmay_temple_entry_poolview,
          serial_shops, nicolae_shop_trees,
          nicolae_ossuary_entry_false_entrances
D:5:      layout_cave_pools, serial_shops, shop, first_ration
D:6:      layout_rooms, hex_medium, uniq_edmund, uniq_sigmund
D:7:      layout_cave_pods, uniq_joseph
D:8:      layout_rooms, david_lair_generic, hangedman_little_slice_of_home,
          evilmike_ruin_ashenzari
D:9:      layout_layer_cave, minmay_misc_feat_roman, uniq_psyche, uniq_erolcha
D:10:     layout_loops_ring, erik_orc_3, nicolae_trove_entry_crystal
D:11:     gammafunk_sealed_arena, layout_long_grid, introduction_to_nature_2,
          uniq_erica
D:12:     layout_loops_ring, serial_shops, nicolae_shop_statue_plus
Temple:   grunt_wide_crystal_templ
Lair:1:   statuecave_lemuel, layout_loops_ring

Skill      XL: |  1  2  3  4  5  6  7  8  9 10 11 |
---------------+----------------------------------+-----
Poison Magic   | 4 5 6 7 9 11 12 | 12.0
Spellcasting   | 4 5 7 9 |  9.0
Transmutations | 3 6 9 |  9.0
Fighting       | 3 8 |  8.1
Shields        | 2 4 |  4.0
Dodging        | |  1.7
Stealth        | |  1.7

Action                   |  1- 3 |  4- 6 |  7- 9 | 10-12 || total
-------------------------+-------+-------+-------+-------++-------
Melee: Unarmed           |    84 |     3 |       |       ||    87
       Tailslap          |     6 |    18 |    30 |    28 ||    82
       Dagger            |       |   124 |   106 |       ||   230
       War axe           |       |       |   204 |   288 ||   492
 Cast: Sting             |    79 |    88 |    46 |    36 ||   249
       Olgreb's Toxic Ra |       |       |    10 |    17 ||    27
       Mephitic Cloud    |       |       |     6 |    12 ||    18
       Ignite Poison     |       |       |     3 |    21 ||    24
Evoke: Wand              |       |       |       |     1 ||     1
  Use: Scroll            |       |       |     7 |       ||     7
       Potion            |       |       |       |     4 ||     4
 Stab: Sleeping          |       |       |     4 |     4 ||     8
       Confused          |       |       |     1 |     1 ||     2
       Distracted        |       |       |     2 |     1 ||     3
  Eat: Chunk             |     6 |    10 |     8 |       ||    24
       Ration            |       |       |     3 |     8 ||    11
Armor: Skin              |    19 |    58 |   239 |   208 ||   524
Dodge: Dodged            |    69 |   103 |   273 |   293 ||   738
Block: Buckler           |       |       |       |    37 ||    37
